Unix xNetHack Version 7.1.0 - last build May 27 2022 02:01:18 (40ddc3af3caeb211f83a4e7a6471a44cedb5a298). Game began 2022-06-02 08:41:15, ended 2022-06-02 08:58:35. Concrete, lawful male dwarven Archeologist -. |. |. -. ..-- ...| -..-- |qq.| |.@.| |..-- ---- Concrete the Field Worker St:14 Dx:9 Co:14 In:13 Wi:15 Ch:10 Lawful S:665 Dlvl:4 $:69 HP:0(38) Pw:9(9) AC:9 Xp:4/99 T:1360 Latest messages: The jackal bites! You miss the jackal. You kill the jackal! You see here 7 gold pieces. $ - 7 gold pieces {0}. You kill the grid bug! The door opens. You see here 6 gold pieces. $ - 6 gold pieces {0}. You miss the shrieker. You miss the shrieker. You hit the shrieker. You hit the shrieker. You kill the shrieker! You kill the jackal! You are beginning to feel hungry. What do you want to eat? [dB or ?*] ? Never mind. What do you want to eat? [dB or ?*] d This food really hits the spot! You no longer feel hungry. You finish eating the food ration. You descend the stairs. You miss the rothe. You miss the rothe. The rothe hits! The rothe bites! The rothe bites! You hit the rothe. You hit the rothe. The rothe hits! The rothe bites! The rothe bites! The rothe hits! The rothe bites! The rothe bites! You hit the rothe. The rothe hits! The rothe bites! The rothe bites! You lash the rothe. The rothe hits! The rothe bites! The rothe bites! You die... Do you want your possessions identified? [ynq] (y) n Do you want to see your attributes? [ynq] (y) n Do you want an account of creatures vanquished? [ynaq] (y) n Do you want to see your conduct and achievements? [ynq] (y) n Do you want to see the dungeon overview? [ynq] (y) n Major events: Turn 1: Concrete the lawful male dwarven Archeologist entered the dungeon 597: attained the rank of Field Worker (level 3) 1355: entered the Gnomish Mines 1360: killed by a rothe Inventory: Inventory: 691/750 weight (30/52 slots) Coins $ - 69 gold pieces {1} Amulets k - an uncursed glass amulet of magical breathing {17} Weapons a - a +2 bullwhip (weapon in hand) {20} Armor c - an uncursed +0 fedora (being worn) {3} b - an uncursed +0 leather jacket (being worn) {23} Comestibles d - 3 uncursed food rations {60} B - an uncursed tin of deep fried cave spider meat {10} Scrolls w - a blessed scroll of confuse monster {5} l - an uncursed scroll of confuse monster {5} n - a cursed scroll of genocide {5} G - a blessed scroll of identify {5} F - an uncursed scroll of identify {5} j - an uncursed scroll of taming {5} Spellbooks s - an uncursed spellbook of teleport away {60} Potions q - an uncursed potion of blindness {20} p - a cursed potion of blindness {20} H - an uncursed potion of booze {20} v - 2 uncursed potions of confusion {40} o - an uncursed potion of healing {20} K - a blessed potion of see invisible {20} m - an uncursed potion of see invisible {20} J - a cursed potion of speed {20} Wands D - a wand of sleep (0:4) {7} Tools i - an empty uncursed sack {15} E - an uncursed credit card {1} f - a +0 grappling hook {30} t - an uncursed lock pick {4} A - an uncursed oil lamp {20} e - a +0 pick-axe (alternate weapon; not wielded) {100} g - a tinning kit (0:50) {100} Gems/Stones h - an uncursed touchstone {10} Concrete the Archeologist's attributes: Background: You were a Field Worker, a level 4 male dwarven Archeologist. You were lawful, nominally on a mission for Quetzalcoatl who was opposed by Camaxtli (neutral) and Huhetotl (chaotic). You were heterosexual. You were in the Gnomish Mines, on level 4. You entered the dungeon 1360 turns ago. You had 99 experience points, 61 more were needed to attain level 5. Your score was 665 before end-of-game adjustments. Basics: You had 0 out of 38 hit points. You had all 9 energy points (spell power). Your armor class was 9. Your wallet contained 69 zorkmids. Autopickup was off. Final Characteristics: Your strength was 14 (limit:18/100). Your dexterity was 9 (limit:20). Your constitution was 14 (limit:20). Your intelligence was 13 (limit:16). Your wisdom was 15 (limit:16). Your charisma was 10 (limit:16). Final Status: You were not hungry. You were unencumbered. You were wielding a whip. You had basic skill with whip. Final Attributes: You were devoutly aligned. You had infravision. You were stealthy. You were fast. You are dead. Miscellaneous: You never encountered a bones level. Total elapsed playing time was 17 minutes and 14 seconds. Vanquished creatures: a rock piercer 2 shriekers 2 floating eyes a homunculus an orc zombie a hobgoblin a green mold 7 jackals 2 kobolds 4 sewer rats 7 grid bugs a lichen 4 newts 34 creatures vanquished. No species were genocided or became extinct. Voluntary challenges: You were vegetarian. You were an atheist. You read items or engraved 4 times. You never genocided any monsters. You never polymorphed an object. You never changed form. You never touched an artifact. You used no wishes. You never owned a pet. You never scared an enemy with impunity. You were celibate. You never generated conflict. Achievements: You entered a shop. You attained the rank of Field Worker. You entered the Gnomish Mines. The Dungeons of Doom: levels 1 to 5 Level 1: Level 2: A general store, a grave. Level 3: Some fountains. Stairs down to The Gnomish Mines. Level 4: A general store, a fountain. Level 5: A fountain. The Gnomish Mines: Level 4: <- You were here. Final resting place for you, killed by a rothe. Game over: __________ / \ / REST \ / IN \ / PEACE \ / \ | Concrete | | 69 Au | | killed by a | | rothe | | | | | | 2022 | *| * * * | * _________)/\\_//(\/(/\)/\//\/|_)_______ Goodbye Concrete the Archeologist... You died in The Gnomish Mines on dungeon level 4 with 659 points, and 69 pieces of gold, after 1360 moves. You were level 4 with a maximum of 38 hit points when you died.